 Dungeon Crawl Stone Soup version 0.29.1-15-g9cfb28693d (webtiles) character file.

Game seed: 12881950551724264638

1095 javelincjr the Magician (level 8, -2/84 HPs)
             Began as a Demonspawn Hedge Wizard on Mar 28, 2023.
             Slain by a vampire mosquito (4 damage)
             ... on level 5 of the Dungeon.
             The game lasted 00:31:51 (7651 turns).

javelincjr the Magician (Demonspawn Hedge Wizard)   Turns: 7651, Time: 00:31:52

Health: -2/84      AC: 24    Str: 12    XL:     8   Next: 10%
Magic:  13/23      EV:  2    Int: 15    God:
Gold:   293        SH:  0    Dex: 14    Spells: 11/16 levels left

rFire   . . .      SeeInvis .   j - +1 dagger (protect)
rCold   . . .      Faith    .   (no shield)
rNeg    . . .      Spirit   .   (body armour currently unavailable)
rPois   +          Reflect  .   (helmet currently unavailable)
rElec   .          Harm     .   (cloak currently unavailable)
rCorr   .          Rampage  .   (gloves currently unavailable)
Will    +....      NoTele   +   (boots currently unavailable)
Stlth   ++........              (no amulet)
HPRegen 0.24/turn               h - ring of magical power
MPRegen 0.36/turn               E - ring of willpower

@: tree-form, very slightly contaminated, invisible
A: stationary, stasis, torment immunity, boosted hp, (claws 1), powered by pain
2, magic regeneration, (sharp scales 2), screaming 1
a: no special abilities


You were on level 5 of the Dungeon.
You were a tree.
You visited 1 branch of the dungeon, and saw 6 of its levels.

You collected 293 gold pieces.

Inventory:

Hand Weapons
 a - a +0 dagger
 j - a +1 dagger of protection (weapon)
 z - a +0 short sword of electrocution
Missiles
 e - a throwing net
 o - 3 atropa-tipped darts
 r - 13 poisoned darts
 A - a boomerang
Armour
 b - a +0 robe (melded)
 c - a +0 hat (melded)
 v - a +0 cloak (melded)
Magical Staves
 C - a staff of poison
Jewellery
 h - a ring of magical power (left branch)
 E - a ring of willpower (right branch)
Wands
 w - a wand of polymorph (8)
 D - a wand of paralysis (4)
Scrolls
 f - 2 scrolls of noise
 l - a scroll of torment {unknown}
 p - a scroll of teleportation {unknown}
 s - 2 scrolls of blinking
 t - a scroll of fear {unknown}
 u - a scroll of immolation {unknown}
 B - a scroll of magic mapping {unknown}
Potions
 d - 3 potions of magic
 g - 2 potions of berserk rage
 k - a potion of resistance
 m - 3 potions of brilliance
 q - 2 potions of degeneration
 x - a potion of lignification


   Skills:
 + Level 1.9 Fighting
 + Level 1.8 Armour
 + Level 3.6 Dodging
 - Level 3.2 Stealth
 + Level 4.5 Spellcasting
 + Level 3.4 Conjurations
 + Level 3.7 Summonings
 + Level 3.1 Translocations
 + Level 1.8 Poison Magic


You had 11 spell levels left.
You knew the following spells:

 Your Spells              Type           Power      Damage    Failure   Level
a - Magic Dart            Conj           52%        1d5       4%          1
b - Blink                 Tloc           24%        N/A       7%          2
c - Call Imp              Summ           14%        N/A       5%          2

Your spell library contained the following spells:

 Spells                   Type           Power      Damage    Failure   Level
 Gell's Gravitas          Tloc           12%        N/A       14%         3
 Teleport Other           Tloc           12%        N/A       14%         3
 Slow                     Hex            12%        N/A       17%         1
 Sublimation of Blood     Necr           3%         N/A       26%         2
 Conjure Flame            Conj/Fire      8%         6-21      26%         3
 Mephitic Cloud           Conj/Pois/Air  8%         N/A       26%         3
 Ignite Poison            Fire/Tmut/Pois 5%         N/A       36%         3
 Petrify                  Tmut/Erth      3%         N/A       86%         4
 Irradiate                Conj/Tmut      4%         3d13      93%         5
 Freezing Cloud           Conj/Ice/Air   3%         6-21      96%         5
 Dispersal                Tloc           6%         N/A       100%        6


Dungeon Overview and Level Annotations

Branches:
Dungeon (6/15)
 Temple: D:4-7

Altars:
Hepliaklqana
Makhleb
Okawaru

Shops:
D:1 =


Innate Abilities, Weirdness & Mutations

You are a tree.
Your roots penetrate the ground, keeping you stationary.
You cannot be teleported.
You are immune to unholy pain and torment.
Your maximum health is greatly increased.
Your equipment is partially melded.
((You have sharp fingernails.))
You sometimes gain power by taking damage.
You regenerate magic rapidly.
((You are mostly covered in razor-sharp scales. (AC +2, Slay +2)))
You occasionally shout uncontrollably at your foes.


Message History

The vampire mosquito bites you.
* * * LOW HITPOINT WARNING * * *
The vampire mosquito draws strength from your injuries!
The vampire mosquito bites you.
* * * LOW HITPOINT WARNING * * *
The vampire mosquito draws strength from your injuries!
Your crimson imp misses the vampire mosquito.
Casting: Magic Dart (safe; 4% risk of failure)
Confirm with . or Enter, or press ? or * to list all spells.
A shadowy apparition takes form in the air.
Your crimson imp disappears in a puff of smoke!
The vampire mosquito bites you.
* * * LOW HITPOINT WARNING * * *
The vampire mosquito draws strength from your injuries!
The vampire mosquito bites you but does no damage.
Casting: Call Imp (safe; 5% risk of failure)
Confirm with . or Enter, or press ? or * to list all spells.
Aiming: Magic Dart (safe; 4% risk of failure)
Press: ? - help, Shift-Dir - straight line, f/p - vampire mosquito
Aim: a vampire mosquito (lightly damaged, unable to see you, ally target, 100% to hit)
The magic dart hits the vampire mosquito.
The vampire mosquito is lightly damaged.
The vampire mosquito bites you but does no damage. x2
Casting: Magic Dart (safe; 4% risk of failure)
Confirm with . or Enter, or press ? or * to list all spells.
Aiming: Magic Dart (safe; 4% risk of failure)
Press: ? - help, Shift-Dir - straight line, f/p - vampire mosquito
Aim: a vampire mosquito (lightly damaged, unable to see you, ally target, 100% to hit)
The magic dart hits the vampire mosquito.
The vampire mosquito is lightly damaged.
The vampire mosquito bites you but does no damage. x2
Casting: Magic Dart (safe; 4% risk of failure)
Confirm with . or Enter, or press ? or * to list all spells.
Aiming: Magic Dart (safe; 4% risk of failure)
Press: ? - help, Shift-Dir - straight line, f/p - vampire mosquito
Aim: a vampire mosquito (lightly damaged, unable to see you, ally target, 100% to hit)
The magic dart hits the vampire mosquito.
The vampire mosquito is moderately damaged.
The vampire mosquito bites you.
You die...

##.# ###.#.#####.##........).....
...# #...#....##........#########
#### #.######.#####..)...........
######.######.#####......########
.#............##.........#######.
......#...#.######'#.######......
.#.##.).....#.# #...........#####
#....#####..#.###>..........#
#...##...#......♣5........[.#####
#...##.#.#.######y..........)....
######.#.#....#.....>.....[######
....##.#....#.#............#
###.##.###..#.#.#......(...#
#.#..#..).#.#.#....#.#.#.##
#.#.......#.#.#...........###
#.......).#.#.#....#)#.#....##
#####.......#.#.####.......##..##


You could see a vampire mosquito (unable to see you, ally target) and a friendly
shadow imp (summoned).

Vanquished Creatures
  A bullfrog (D:5)
  A scorpion (D:5)
  A jelly (D:5)
  3 hounds
  An iguana (D:6)
  A gnoll bouda (D:5)
  5 gnolls
  6 adders
  A shadow imp (D:4)
  An ufetubus (D:5)
  4 worms
  2 dart slugs
  7 orcs
  8 endoplasms
  3 giant cockroaches
  9 goblins
  6 hobgoblins
  2 jackals (D:3)
  3 kobolds
  4 quokkas
  10 ball pythons
  6 bats
  A frilled lizard (D:1)
  5 rats
91 creatures vanquished.

Vanquished Creatures (collateral kills)
  A water moccasin (D:5)
  An ogre (D:5)
  A scorpion (D:4)
  An orc priest (D:4)
  4 hounds
  A jelly (D:6)
  Terence (D:2)
  3 adders
  6 gnolls
  2 worms
  A dart slug (D:5)
  4 orcs
  2 quokkas
  A ball python (D:4)
  2 kobolds
31 creatures vanquished.

Grand Total: 122 creatures vanquished

Notes
Turn   | Place    | Note
-------+----------+-------------------------------------------
     0 | D:1      | javelincjr the Demonspawn Hedge Wizard began the quest for
                  | the Orb.
     0 | D:1      | Reached XP level 1. HP: 13/13 MP: 4/4
   162 | D:1      | Reached skill level 1 in Translocations
   310 | D:1      | Gained mutation: You sometimes gain a little power by
                  | taking damage. [demonic ancestry]
   310 | D:1      | Reached XP level 2. HP: 10/19 MP: 0/6
   313 | D:1      | Learned a level 2 spell: Blink
   316 | D:1      | Learned a level 2 spell: Call Imp
   568 | D:1      | Found Tofo's One-of-a-Kind Rings.
  1226 | D:1      | Reached XP level 3. HP: 24/24 MP: 7/7
  1698 | D:2      | Noticed Terence
  1732 | D:2      | Killed Terence
  1733 | D:2      | Gained mutation: You have sharp fingernails. [demonic
                  | ancestry]
  1733 | D:2      | Reached XP level 4. HP: 4/30 MP: 9/9
  3178 | D:3      | Gained mutation: You regenerate magic rapidly. [demonic
                  | ancestry]
  3178 | D:3      | Reached XP level 5. HP: 25/35 MP: 7/10
  3588 | D:3      | Found a faded altar of an unknown god.
  4279 | D:4      | Gained mutation: You are partially covered in razor-sharp
                  | scales. (AC +1, Slay +1) [demonic ancestry]
  4279 | D:4      | Reached XP level 6. HP: 27/41 MP: 11/11
  4545 | D:4      | Reached skill level 4 in Spellcasting
  4896 | D:5      | Entered Level 5 of the Dungeon
  5611 | D:5      | Gained mutation: You are mostly covered in razor-sharp
                  | scales. (AC +2, Slay +2) [demonic ancestry]
  5611 | D:5      | Reached XP level 7. HP: 31/47 MP: 13/13
  6206 | D:5      | Reached skill level 1 in Poison Magic
  6336 | D:5      | Reached skill level 1 in Fighting
  6664 | D:5      | Reached skill level 1 in Armour
  6969 | D:6      | Found a hazy altar of Hepliaklqana.
  6970 | D:6      | Found an iron altar of Okawaru.
  6973 | D:6      | Found a burning altar of Makhleb.
  7058 | D:6      | Noticed a vampire mosquito
  7268 | D:6      | Noticed a vampire mosquito
  7313 | D:5      | Gained mutation: You sometimes gain power by taking damage.
                  | [demonic ancestry]
  7313 | D:5      | Reached XP level 8. HP: 26/56 MP: 14/14
  7640 | D:5      | Gained mutation: You occasionally shout uncontrollably at
                  | your foes. [potion of mutation]
  7648 | D:5      | HP: 2/84 [vampire mosquito (4)]
  7651 | D:5      | Slain by a vampire mosquito

Illustrated notes

Levels and vault maps discovered:
D:1:      onia_arrival_handbag, layout_loops_ring, nicolae_shop_unique_rings
D:2:      kennysheep_six_static_rooms, layout_loops_ring, uniq_terence
D:3:      layout_basic, hellmonk_ecumenical_altar_zigzags,
          nicolae_underground_beach
D:4:      layout_rooms, cheibrodos_gnoll_hut
D:5:      layout_basic, serial_co_window_serial, co_window_paths_a,
          co_window_of_opportunity_a, co_window_paths_b, co_window_paths_b,
          co_window_of_opportunity_a, co_window_paths_a, co_window_paths_c,
          co_window_unsneaky_path_e, co_window_cross_2, co_window_broadway_c,
          co_window_paths_c, co_window_4corner_b, co_window_4corner_a,
          glass_columns_a, glass_columns_b, glass_columns_c
D:6:      layout_cave_pools, chequers_temple_overflow_statue_of_worship

Skill      XL: |  1  2  3  4  5  6  7 |
---------------+----------------------+-----
Translocations | 1 2 3 |  3.1
Dodging        | 2 3 |  3.6
Stealth        | 2 3 |  3.2
Summonings     | 2 3 |  3.7
Conjurations   | 2 3 |  3.4
Spellcasting   | 4 |  4.5
Poison Magic   | 1 |  1.8
Fighting       | 1 |  1.9
Armour         | 1 |  1.8

Action                   |  1- 3 |  4- 6 |  7- 9 || total
-------------------------+-------+-------+-------++-------
Melee: Dagger            |    29 |   179 |    71 ||   279
       Punch             |       |     1 |     1 ||     2
 Cast: Magic Dart        |    73 |   115 |    58 ||   246
       Call Imp          |     4 |    22 |    26 ||    52
       Blink             |     1 |     5 |     4 ||    10
  Use: Scroll            |       |     3 |     2 ||     5
       Potion            |       |       |     6 ||     6
 Stab: Sleeping          |     1 |     1 |       ||     2
       Distracted        |     1 |       |     1 ||     2
Armor: Robe              |    17 |    59 |    35 ||   111
       Skin              |       |       |    19 ||    19
Dodge: Dodged            |    21 |   100 |    66 ||   187
